 Dungeon Crawl Stone Soup version 0.25-a0-571-gb5e01bddfa (console) character file.

Game seed: 17448963426336591727, levelgen mode: deterministic

9 utis the Ducker (level 2, 0/16 HPs)
             Began as a Tengu Arcane Marksman on Mar 1, 2020.
             Slain by a leopard gecko (3 damage)
             ... on level 1 of the Dungeon.
             The game lasted 00:01:44 (677 turns).

utis the Ducker (Tengu Arcane Marksman)              Turns: 677, Time: 00:01:44

Health: 0/16       AC:  2    Str: 10    XL:     2   Next: 12%
Magic:  4/4        EV: 13    Int: 13    God:
Gold:   11         SH:  0    Dex: 14    Spells: 2/3 levels left

rFire    . . .     SeeInvis .   a - +0 shortbow
rCold    . . .     Gourm    .   (shield currently unavailable)
rNeg     . . .     Faith    .   e - +0 robe
rPois    .         Spirit   .   (helmet restricted)
rElec    .         Reflect  .   (no cloak)
rCorr    .         Harm     .   (no gloves)
MR       .....                  (boots unavailable)
Stlth    +.........             (no amulet)
HPRegen  0.05/turn              (no ring)
MPRegen  0.09/turn              (no ring)

@: no status effects
A: beak, talons 3
a: no special abilities


You were on level 1 of the Dungeon.
You were not hungry.

You visited 1 branch of the dungeon, and saw 1 of its levels.

You collected 11 gold pieces.

Inventory:

Hand Weapons
 a - a +0 shortbow (weapon)
 h - a +0 club
Missiles
 c - 4 boomerangs
 d - 9 arrows (quivered)
 g - 12 stones
Armour
 e - a +0 robe (worn)
Scrolls
 i - a scroll of amnesia {unknown}
Comestibles
 b - a chunk of flesh
 f - a ration {@e1}


   Skills:
 - Level 1.0 Fighting
 + Level 2.6 Bows
 + Level 2.6 Dodging
 - Level 1.0 Spellcasting
 - Level 2.1 Hexes


You had 2 spell levels left.
You knew the following spells:

 Your Spells              Type           Power        Failure   Level  Hunger
a - Corona                Hex            #......      12%         1    ##.....

Your spell library contained the following spells:

 Spells                   Type           Power        Failure   Level  Hunger
 Slow                     Hex            #.......     17%         2    ###....
 Inner Flame              Hex/Fire       #.......     47%         3    ####...
 Portal Projectile        Hex/Tloc       #.....       47%         3    ####...
 Cause Fear               Hex            #.........   75%         4    #####..
 Leda's Liquefaction      Hex/Erth       #.........   87%         4    #####..


Dungeon Overview and Level Annotations

Branches:
Dungeon (1/15)

Altars:


Innate Abilities, Weirdness & Mutations

You have a beak for a mouth.
You have claws for feet.


Message History

Aim: a hobgoblin, wielding a +0 club (lightly wounded)
You shoot an arrow. The arrow misses the leopard gecko.
The arrow hits the hobgoblin.
The hobgoblin is moderately wounded.
The leopard gecko misses you.
Firing (i - inventory. (/) - cycle)
d - 11 arrows (quivered)
Press: ? - help, Shift-Dir - straight line, f/p - hobgoblin
Aim: a hobgoblin, wielding a +0 club (moderately wounded)
You shoot an arrow.
The arrow barely misses the leopard gecko.
The arrow hits the hobgoblin.
You kill the hobgoblin!
The leopard gecko misses you.
Firing (i - inventory. (/) - cycle)
d - 10 arrows (quivered)
Press: ? - help, Shift-Dir - straight line, f - leopard gecko
Aim: a leopard gecko You shoot an arrow.
The arrow barely misses the leopard gecko.
The leopard gecko closely misses you. The leopard gecko bites you.
You die...

.░........░░ ░......[░
..........░░░░.....[.░
....................░
..░░...░░░.░░░........░
......░░░.░░░........░
░.................░
░.....░........░.......░
░.....░.░.░░...░.......░
░░.......░)lQ.░░░....░░░░░░░░
?......░░░.░░░░...░░.†.......
.......░░░.░ ░.░.░░.........
........░..░ ░...░░.........
........░g░░ ░.░.░░.........
..........░ ░░░.░.░░....÷....
........░.░ ░.....░░░░░░.....
..░.....░.░ ░...░░░░░░.......
░░░░....░ ░░░.░......░░....


You could see a leopard gecko.

Vanquished Creatures
  A dart slug (D:1)
  A bat (D:1)
  2 hobgoblins (D:1)
  A frilled lizard (D:1)
  A kobold (D:1)
  A rat (D:1)
7 creatures vanquished.

Notes
Turn   | Place    | Note
-------+----------+-------------------------------------------
     0 | D:1      | utis the Tengu Arcane Marksman began the quest for the Orb.
     0 | D:1      | Reached XP level 1. HP: 12/12 MP: 3/3
   456 | D:1      | Reached XP level 2. HP: 7/16 MP: 4/4
   677 | D:1      | Slain by a leopard gecko

Levels and vault maps discovered:
D:1:      minmay_arrival_checkered_box, layout_basic, minmay_statues_item

Action                   || total
-------------------------++-------
Melee: Unarmed           ||    17
       Peck              ||     4
       Club              ||     5
       Kick              ||     3
 Fire: Shortbow          ||    11
Throw: Boomerang         ||     7
 Cast: Corona            ||     5
Armor: Robe              ||     4
Dodge: Dodged            ||    29

Table legend:
 A = Non-vault XP
 B = Vault XP
 C = Vault XP percentage of total XP
 D = Non-vault monster count
 E = Vault monster count
 F = Vault count percentage of total count
                 A         B        C        D         E       F
            +---------+---------+-------+---------+---------+-------
      Total |      13 |       0 |   0.0 |       7 |       0 |   0.0
            +---------+---------+-------+---------+---------+-------
        D:1 |      13 |       0 |   0.0 |       7 |       0 |   0.0
            +---------+---------+-------+---------+---------+-------
